 Dungeon Crawl Stone Soup version 0.30-a0-702-gdf48620a09 (webtiles) character file.

Game seed: 11271967968429198585

26 tilp the Covered (level 3, -11/31 HPs)
             Began as a Meteoran Fighter on Jan 21, 2023.
             Killed by nerve-wracking pain
             ... invoked by a shadow imp
             ... summoned by Natasha
              (13 damage)
             ... on level 3 of the Dungeon.
             The game lasted 00:02:21 (402 turns).

tilp the Covered (Meteoran Fighter)                  Turns: 402, Time: 00:02:21

Health: -11/31     AC:  9    Str: 17    XL:     3   Next: 41%
Magic:  4/4        EV:  7    Int:  9    God:
Gold:   91         SH: 10    Dex: 16    Spells: 2/2 levels left

rFire   + . .      SeeInvis +    a - +0 long sword
rCold   + . .      Faith    .    c - +0 buckler
rNeg    . . .      Spirit   .    k - +0 chain mail
rPois   +          Reflect  +    (no helmet)
rElec   +          Harm     .    (no cloak)
rCorr   +          Rampage  .    (no gloves)
Will    .....                    (no boots) Stlth
                                 o - amulet of reflection
HPRegen 0.25/turn                i - ring of see invisible
MPRegen 0.09/turn                (no ring)

@: resistant, slowed, glowing, very slow
A: sense surroundings 1, otherworldly, glowing, explore regen
a: no special abilities


You were on level 3 of the Dungeon.
You visited 1 branch of the dungeon, and saw 3 of its levels.

You collected 91 gold pieces.

Inventory:

Hand Weapons
 a - a +0 long sword (weapon)
Missiles
 g - 8 poisoned darts (quivered)
Armour
 b - a +0 scale mail
 c - a +0 buckler (worn)
 k - a +0 chain mail (worn)
Jewellery
 i - a ring of see invisible (left hand)
 o - an amulet of reflection (around neck)
Scrolls
 h - a scroll of torment {unknown}
 j - a scroll of identify {unknown}
 l - a scroll of poison {unknown}
 m - a scroll of enchant armour {unknown}
Potions
 d - a potion of might
 e - a potion of resistance
 f - a potion of brilliance {unknown}
 n - 2 potions of mutation {unknown}


   Skills:
 + Level 3.4 Fighting
 + Level 2.7 Long Blades
 + Level 3.9 Armour
 * Level 1.7 Dodging
 + Level 0.3 Stealth
 + Level 3.8 Shields


You had 2 spell levels left.
You didn't know any spells.
Your spell library was empty.

Dungeon Overview and Level Annotations

Branches:
Dungeon (3/15) Zot: 1369

Altars:

Annotations:
D:3 Natasha


Innate Abilities, Weirdness & Mutations

You passively map a small area around you.
You are easily found by Zot.
You glow in the dark.
You regain HP and MP as you explore.


Message History

Natasha casts a spell at you.
The magic dart hits you but does no damage.
The shadow imp hits you but does no damage.
You completely miss Natasha. You block Natasha's attack.
The shadow imp barely misses you. Natasha casts a spell at you.
You feel as though you will be slow longer.
You block the shadow imp's attack.
You closely miss Natasha. Natasha claws you. The shadow imp closely misses you.
You block Natasha's attack.
You closely miss Natasha. You block the shadow imp's attack. Natasha claws you!
The shadow imp gestures at you. Pain shoots through your body!
* * * LOW HITPOINT WARNING * * *
Natasha claws you but does no damage.
The shadow imp hits you but does no damage.
You hit Natasha.
Natasha is lightly wounded.
You block Natasha's attack. The shadow imp closely misses you.
You block Natasha's attack.
You miss Natasha.
Natasha is lightly wounded.
The shadow imp hits you but does no damage.
Natasha claws you.
* * * LOW HITPOINT WARNING * * *
The shadow imp closely misses you.
You closely miss Natasha.
Natasha is lightly wounded.
Natasha claws you.
* * * LOW HITPOINT WARNING * * *
The shadow imp hits you.
* * * LOW HITPOINT WARNING * * *
Natasha mumbles some strange words.
The shadow imp hits you but does no damage.
It was a potion of resistance.
You feel protected. You block Natasha's attack. The shadow imp gestures at you.
Pain shoots through your body!
You die...

* #. * * #.. * *
#.#### , ,
#..... # *
#....####.####
#.....<.......
..#.5...........
#......@5.......
,
...##.h.....)...
* #.
*#..###?..... *
#.. *####.# *
..# * * # * ##.*
, , *#. >* * *,
#. * , *


You could see Natasha, a crimson imp (summoned) and a shadow imp (summoned).

Vanquished Creatures
  2 ball pythons (D:1)
  A giant cockroach (D:1)
  2 goblins
  3 hobgoblins
  4 jackals (D:1)
  5 kobolds (D:1)
  A frilled lizard (D:1)
  6 rats (D:1)
24 creatures vanquished.

Notes
Turn   | Place    | Note
-------+----------+-------------------------------------------
     0 | D:1      | tilp the Meteoran Fighter began the quest for the Orb.
     0 | D:1      | Reached XP level 1. HP: 19/19 MP: 2/2
    82 | D:1      | Reached XP level 2. HP: 26/26 MP: 3/3
   127 | D:1      | Reached skill level 1 in Dodging
   204 | D:1      | Reached XP level 3. HP: 31/31 MP: 4/4
   391 | D:3      | Noticed Natasha
   402 | D:3      | Killed from afar by a shadow imp

Illustrated notes

Levels and vault maps discovered:
D:1:      nicolae_arrival_somewhat_less_tricky_arrival, layout_loops_ring
D:2:      layout_rooms
D:3:      layout_rooms, mainiacjoe_overflow_boulevard, uniq_natasha

Skill      XL: |  1  2 |
---------------+-------+-----
Dodging        | 1 |  1.7
Fighting       | |  3.4
Long Blades    | |  2.7
Armour         | |  3.9
Stealth        | |  0.3
Shields        | |  3.8

Action                   || total
-------------------------++-------
Melee: Long sword        ||    74
  Use: Potion            ||     1
Armor: Scale mail        ||    29
       Chain mail        ||    20
Dodge: Dodged            ||    25
Block: Buckler           ||    27

Table legend: (Time is in decaauts)
 A = Elapsed time spent in this place.
 B = Non-inter-level travel time spent in this place.
 C = Inter-level travel time spent in this place.
 D = Time resting spent in this place.
 E = Time spent auto-exploring this place.
 F = Levels seen in this place.
 G = Mean time per level.
                   A        B        C        D        E       F      G
               +--------+--------+--------+--------+--------+-----+--------+
         Total |    429 |    429 |      0 |      0 |      0 |   3 |  143.0 |
       Dungeon |    429 |    429 |      0 |      0 |      0 |   3 |  143.0 |
               +--------+--------+--------+--------+--------+-----+--------+

Top non-repeatable levels by time:
     D:1: 341 daAuts
     D:2: 70 daAuts
     D:3: 17 daAuts
